 Dungeon Crawl Stone Soup version 0.30.1-3-gfc49f6343a (webtiles) character file.

Game seed: 7487884739384031160

962 fen0s the Sneak (level 8, 0/44 HPs)
             Began as a Kobold Enchanter on July 21, 2023.
             Was an Initiate of Gozag.
             Slain by an iguana (19 damage)
             ... on level 6 of the Dungeon.
             The game lasted 00:26:02 (5783 turns).

fen0s the Sneak (Kobold Enchanter)                  Turns: 5783, Time: 00:26:03

Health: 0/44       AC:  3    Str:  6    XL:     8   Next: 37%
Magic:  12/15      EV: 21    Int: 18    God:    Gozag
Gold:   516        SH:  0    Dex: 20    Spells: 11/17 levels left

rFire   + + .        s - +2 dagger of the Thirteen Planets {chaos, rF+ rC- rCorr Dex+5 SInv}
rCold   x x .        (no shield)
rNeg    . . .        b - +0 robe
rPois   .            (no helmet)
rElec   .            (no cloak)
rCorr   +            (no gloves)
SInv    +            n - +0 pair of boots
Will    .....        D - amulet of faith
Stlth   +++++        r - +5 ring of evasion
HPRegen 0.27/turn    w - ring of fire
MPRegen 0.14/turn

%: faith
@: no status effects
A: small, no large weapons, nightstalker 3
a: Renounce Religion, Potion Petition, Call Merchant, Bribe Branch


You were on level 6 of the Dungeon.
You worshipped Gozag.
Gozag was pleased with you.
You visited 1 branch of the dungeon, and saw 6 of its levels.
You also visited: Sewer.

You collected 516 gold pieces.

Inventory:

Hand Weapons
 a - a +1 dagger
 d - a +1 heavy spear
 j - a +2 spear of distortion
 s - the +2 dagger of the Thirteen Planets (weapon) {chaos, rF+ rC- rCorr Dex+5 SInv}
   (You found it on level 2 of the Dungeon)

   Dex:       It affects your dexterity (+5).
   rF:        It protects you from fire.
   rC:        It makes you vulnerable to cold.
   SInv:      It lets you see invisible.
   rCorr:     It protects you from acid and corrosion.
 y - a +5 heavy spear
Missiles
 e - 4 curare-tipped darts (quivered)
 k - 7 poisoned darts
 t - 2 throwing nets
Armour
 b - a +0 robe (worn)
 c - a +1 leather armour of cold resistance
 n - a +0 pair of boots (worn)
Jewellery
 r - a +5 ring of evasion (left hand)
 w - a ring of fire (right hand)
 D - an amulet of faith (around neck)
Wands
 C - a wand of paralysis (17)
Scrolls
 f - 5 scrolls of identify {unknown}
 g - 4 scrolls of teleportation {unknown}
 h - 2 scrolls of vulnerability {unknown}
 i - a scroll of immolation {unknown}
 m - a scroll of fear {unknown}
 p - 3 scrolls of fog {unknown}
 u - a scroll of torment {unknown}
 v - a scroll of enchant weapon {unknown}
Potions
 l - 2 potions of haste
 o - 3 potions of curing
 q - 2 potions of attraction
 x - a potion of brilliance {unknown}
 z - a potion of resistance {unknown}
 A - a potion of magic
 B - a potion of flight
 E - a potion of lignification {unknown}


   Skills:
 + Level 1.7 Fighting
 + Level 4.0 Short Blades
 + Level 1.2 Throwing
 + Level 3.7 Dodging
 + Level 7.4 Stealth
 * Level 5.0 Spellcasting
 * Level 5.4 Hexes


You had 11 spell levels left.
You knew the following spells:

 Your Spells              Type           Power      Damage    Failure   Level
a - Tukima's Dance        Hex            24%        N/A       4%          3
b - Confusing Touch       Hex            24%        N/A       4%          3

Your spell library contained the following spells:

 Spells                   Type           Power      Damage    Failure   Level
 Ensorcelled Hibernation  Hex/Ice        28%        N/A       6%          2
 Magic Dart               Conj           16%        1d3       13%         1
 Sting                    Tmut/Pois      16%        1d3       13%         1
 Dazzling Flash           Conj/Hex       28%        N/A       13%         3
 Poisonous Vapours        Pois/Air       8%         N/A       21%         2
 Searing Ray              Conj           8%         2d4       21%         2
 Fulminant Prism          Conj/Hex       7%         3d6       38%         4
 Olgreb's Toxic Radiance  Pois           4%         N/A       78%         4


Dungeon Overview and Level Annotations

Branches:
Dungeon (6/15)             Temple (0/1) D:4           Sewer (visited)

Altars:
Dithmenos
Gozag
Okawaru
Uskayaw
Xom


Innate Abilities, Weirdness & Mutations

You are small and have problems with some larger weapons.
You are completely attuned to the shadows.


Message History

The sleepcap closely misses you.
You hit the sleepcap but do no damage.
The sleepcap is moderately damaged.
The sleepcap closely misses you.
You hit the sleepcap but do no damage.
The sleepcap is moderately damaged.
You completely miss the sleepcap.
The sleepcap is moderately damaged.
The sleepcap completely misses you.
You hit the sleepcap. You burn the sleepcap.
The sleepcap is heavily damaged.
The sleepcap misses you.
You hit the sleepcap but do no damage.
The sleepcap is heavily damaged.
The sleepcap releases spores at you!
You are engulfed in a cloud of soporific spores!
You fall asleep.
An iguana comes into view.
The sleepcap releases spores at you!!
You wake up.
You are engulfed in a cloud of soporific spores!
You are unaffected.
The iguana hisses angrily.
You are too injured to fight recklessly!
Casting: Confusing Touch (dangerous; 4% risk of failure)
Confirm with . or Enter, or press ? or * to list all spells.
Your hands begin to glow red.
The sleepcap completely misses you.
You are too injured to fight recklessly!
You are too injured to fight recklessly!
You hit the sleepcap but do no damage.
The sleepcap appears confused.
The sleepcap is heavily damaged.
The sleepcap completely misses you.
The sleepcap barely misses itself.
You hit the iguana.
The iguana goes berserk!
The iguana is lightly wounded.
The iguana misses you.
Okay, then.
You hit the iguana but do no damage.
The iguana is lightly wounded.
The iguana bites you!!
You die...
Your body crumbles into a pile of gold.

#.......
#....[..#
#.......#
#........
#.f......
#.@l....#
#......?#
####.###?
##.# #..#
#.## $
#.# #<#
#.#


You could see a sleepcap (agile, confused) and an iguana (berserk).

Vanquished Creatures
  Eustachio (D:5)
  Pargi (Sewer)
  An ogre (D:4)
  2 gnoll sergeants
  2 scorpions (D:5)
  A hound (D:5)
  2 jellies
  An iguana (D:4)
  Terence (D:3)
  An orc wizard (D:3)
  6 gnolls
  5 adders
  A shadow imp (D:5)
  A white imp (D:5)
  3 worms
  5 dart slugs
  4 orcs
  12 bats
  6 endoplasms
  3 giant cockroaches (D:1)
  2 goblins
  7 hobgoblins
  3 quokkas
  4 ball pythons
  5 frilled lizards
  8 kobolds
  A rat (D:1)
89 creatures vanquished.

Vanquished Creatures (collateral kills)
  3 gnolls
3 creatures vanquished.

Vanquished Creatures (others)
  5 dancing weapons
5 creatures vanquished.

Grand Total: 97 creatures vanquished

Notes
Turn   | Place    | Note
-------+----------+-------------------------------------------
     0 | D:1      | fen0s the Kobold Enchanter began the quest for the Orb.
     0 | D:1      | Reached XP level 1. HP: 10/10 MP: 3/3
    89 | D:1      | Reached XP level 2. HP: 14/15 MP: 5/5
   302 | D:1      | Reached XP level 3. HP: 19/19 MP: 6/6
   306 | D:1      | Learned a level 3 spell: Tukima's Dance
   914 | D:2      | Reached skill level 5 in Stealth
   931 | D:2      | Reached XP level 4. HP: 23/24 MP: 7/7
  1277 | D:2      | Found a faded altar of an unknown god.
  1289 | D:2      | Prayed at the altar of an unknown god.
  1289 | D:2      | Became a worshipper of Gozag Ym Sagoz the Greedy
  1449 | D:2      | Identified the +2 dagger of the Thirteen Planets {chaos,
                  | rF+ rC- rCorr Dex+5 SInv}
  1831 | D:3      | Found a glowing drain.
  1848 | Sewer    | Entered a sewer
  1895 | Sewer    | Noticed Pargi
  1901 | Sewer    | Learned a level 3 spell: Confusing Touch
  1915 | Sewer    | Killed Pargi
  1916 | Sewer    | Reached skill level 1 in Fighting
  1916 | Sewer    | Reached XP level 5. HP: 29/29 MP: 5/9
  1996 | D:3      | Reached XP level 6. HP: 34/34 MP: 10/10
  2337 | D:3      | Noticed Terence
  2343 | D:3      | Killed Terence
  3008 | D:4      | Reached skill level 6 in Stealth
  3188 | D:4      | Reached skill level 1 in Throwing
  3318 | D:4      | Reached XP level 7. HP: 19/38 MP: 0/12
  3704 | D:4      | Found a staircase to the Ecumenical Temple.
  4397 | D:5      | Entered Level 5 of the Dungeon
  4449 | D:5      | Noticed Eustachio
  4487 | D:5      | Killed Eustachio
  4488 | D:5      | Reached skill level 7 in Stealth
  4714 | D:5      | Reached skill level 5 in Hexes
  4714 | D:5      | Reached XP level 8. HP: 30/44 MP: 14/14
  5155 | D:5      | Reached skill level 5 in Spellcasting
  5362 | D:5      | Found a shimmering altar of Xom.
  5511 | D:5      | Found a shadowy altar of Dithmenos.
  5512 | D:5      | Found an iron altar of Okawaru.
  5512 | D:5      | Found a hide-covered altar of Uskayaw.
  5783 | D:6      | Slain by an iguana

Illustrated notes

Levels and vault maps discovered:
D:1:      eino_arrival_druids_welcome, layout_loops_ring
D:2:      minmay_spotlight, layout_loops_ring, ebering_ecumenical_altar_hall
D:3:      layout_basic, cheibrodos_sewer_entry_bend,
          nicolae_figureground_sparkle, uniq_terence
D:4:      layout_layer_cave, minmay_temple_entry_statues_pillars, minivault_25,
          chequers_serial_rivers_micro_c, minmay_cut_off
D:5:      layout_basic, chequers_temple_overflow_statue_of_worship,
          mainiacjoe_overflow_catwalk, uniq_eustachio
D:6:      layout_rooms, serial_shops, shop_statue

Skill      XL: |  1  2  3  4  5  6  7  8 |
---------------+-------------------------+-----
Stealth        | 5 6 7 |  7.4
Short Blades   | 3 4 |  4.0
Fighting       | 1 |  1.7
Dodging        | 3 |  3.7
Spellcasting   | 3 4 5 |  5.0
Hexes          | 4 5 |  5.4
Throwing       | 1 |  1.2

Action                     |  1- 3 |  4- 6 |  7- 9 || total
---------------------------+-------+-------+-------++-------
  Melee: Dagger            |    77 |    95 |    91 ||   263
         Punch             |     1 |       |     1 ||     2
  Throw: Dart              |       |     7 |     2 ||     9
   Cast: Confusing Touch   |       |     3 |     6 ||     9
         Tukima's Dance    |       |     7 |    10 ||    17
  Evoke: Wand              |       |     1 |       ||     1
    Use: Potion            |     1 |     1 |     6 ||     8
         Scroll            |       |       |     1 ||     1
   Stab: Sleeping          |    17 |    16 |     6 ||    39
         Invisible         |       |     3 |     2 ||     5
         Confused          |       |     1 |     1 ||     2
 Armour: Robe              |    16 |    10 |     6 ||    32
  Dodge: Dodged            |    49 |    81 |   109 ||   239
